 Dungeon Crawl Stone Soup version 0.20.1-1-g8b1a95d (webtiles) character file.

172015 VirginKiller the Wrestler (level 16, 110/110 HPs)
             Began as a Demigod Gladiator on Oct 10, 2017.
             Got out of the dungeon alive.
             The game lasted 05:47:02 (25364 turns).

VirginKiller the Wrestler (Demigod Gladiator)      Turns: 25364, Time: 05:47:02

Health: 110/110    AC: 21    Str: 37    XL:     16   Next: 85%
Magic:  28/28      EV: 12    Int: 12    God:
Gold:   427        SH:  0    Dex: 22    Spells: 2/15 levels left

rFire    + . .     SeeInvis +     - Unarmed
rCold    + + +     Gourm    .   (no shield)
rNeg     . . .     Faith    .   R - +5 scale mail of Least Resistance {rF+ Str+4}
rPois    +         Spirit   +   h - +2 hat "Fysien" {rF+ rC+ rCorr Dex+5}
rElec    .         Reflect  .   U - scarf {Spirit}
rCorr    +         Harm     .   Z - +2 pair of gloves
MR       .....     Rnd*Rage +   x - +1 pair of boots of Impermeability {Str+4} Stlth +++.......Rnd*Tele +
                                m - amulet of regeneration
Regen    0.7/turn               y - ring of Gutse {rPois rC+ MR- AC+4 Stlth+}
MPRegen  0.3/turn               T - ring of Apsiul {Ice MP+9}

@: no status effects
A: thin metallic scales 1, camouflage 1, see invisible, berserk 1, blink,
deformed body, high mp 1, sense surroundings 1, strong 1, teleportitis 1,
MP-powered wands
a: Blink


You escaped.
You were not hungry.

You visited 5 branches of the dungeon, and saw 28 of its levels.
You also visited: Ice Cave.

You collected 2846 gold pieces.
You spent 2419 gold pieces at shops.

Inventory:

Hand Weapons
 a - a +8 blowgun
Missiles
 c - a throwing net
 t - 17 javelins
 O - 4 curare-tipped needles
 P - 24 poisoned needles
 Y - 6 tomahawks of returning (quivered)
Armour
 h - the +2 hat "Fysien" (worn) {rF+ rC+ rCorr Dex+5}
   (You acquired it on level 2 of the Snake Pit)

   It affects your dexterity (+5).
   It protects you from fire.
   It protects you from cold.
   It protects you from acid and corrosion.
 v - a +0 large shield
 x - the +1 pair of boots of Impermeability (worn) {Str+4}
   (You bought it in a shop on level 3 of the Snake Pit)

   It affects your strength (+4).
 R - the +5 scale mail of Least Resistance (worn) {rF+ Str+4}
   (You bought it in a shop on level 7 of the Dungeon)

   It affects your strength (+4).
   It protects you from fire.
 U - a scarf of spirit shield (worn)
 Z - a +2 pair of gloves (worn)
Jewellery
 e - an uncursed ring of fire
 g - the ring "Ofurghinu" {Wiz *Contam Int+3 Dex+3}
   (You found it on level 5 of the Dungeon)

   [ring of wizardry]

   It improves your spell success rate.
   It affects your intelligence (+3).
   It affects your dexterity (+3).
   It causes magical contamination when unequipped.
 m - an amulet of regeneration (around neck)
 y - the ring of Gutse (left hand) {rPois rC+ MR- AC+4 Stlth+}
   (You found it on level 1 of the Orcish Mines)

   [ring of protection]

   It affects your AC (+4).
   It protects you from cold.
   It protects you from poison.
   It affects your resistance to hostile enchantments.
   It makes you more stealthy.
 E - an uncursed amulet of rage
 H - an uncursed ring of fire
 T - the ring of Apsiul (right hand) {Ice MP+9}
   (You found it on level 10 of the Dungeon)

   [ring of ice]

   It enhances your ice magic.
   It makes you vulnerable to fire.
   It protects you from cold.
   It affects your magic capacity (+9).
Wands
 r - a wand of digging (4/24)
Scrolls
 f - 2 scrolls of teleportation
 j - a scroll of amnesia
 k - 6 scrolls of magic mapping
 l - 6 scrolls of recharging
 n - 5 scrolls of remove curse
 p - a scroll of blinking
 s - a scroll of enchant armour
 z - 3 scrolls of fog
 C - 3 scrolls of immolation
 F - a scroll of fear
Potions
 q - a potion of resistance
 w - 5 potions of haste
 D - 2 potions of magic
 G - 3 potions of lignification
 L - 5 potions of curing
 M - 2 potions of heal wounds
 S - a potion of might
 W - 3 potions of flight
Books
 b - a book of Alchemy

   Spells                             Type                      Level
   a - Sublimation of Blood           Necromancy                   2
   b - Ignite Poison                  Fire/Transmutation/Poison    3
   c - Petrify                        Transmutation/Earth          4
   d - Alistair's Intoxication        Transmutation/Poison         5
   e - Irradiate                      Conjuration/Transmutation    5
 u - a book of Transfigurations

   Spells                             Type                      Level
   a - Irradiate                      Conjuration/Transmutation    5
   b - Statue Form                    Transmutation/Earth          6
   c - Hydra Form                     Transmutation                6
   d - Dragon Form                    Transmutation                7
 N - a book of Ice

   Spells                             Type                      Level
   a - Ice Form                       Ice/Transmutation            4
   b - Metabolic Englaciation         Hexes/Ice                    5
   c - Ozocubu's Refrigeration        Ice                          6
   d - Bolt of Cold                   Conjuration/Ice              6
   e - Freezing Cloud                 Conjuration/Ice/Air          6
   f - Simulacrum                     Ice/Necromancy               6
 V - a book of Spatial Translocations

   Spells                             Type                      Level
   a - Blink                          Translocation                2
   b - Shroud of Golubria             Charms/Translocation         2
   c - Lesser Beckoning               Translocation                3
   d - Gell's Gravitas                Translocation                3
   e - Teleport Other                 Translocation                3
   f - Passage of Golubria            Translocation                4
Miscellaneous
 A - a lightning rod (inert)
 B - a phantom mirror
 I - a lamp of fire (inert)
Comestibles
 d - 13 bread rations
 i - 2 chunks of flesh
 o - 13 meat rations


   Skills:
 - Level 1.7 Fighting
 - Level 12.0 Throwing
 - Level 2.6 Dodging
 * Level 23.7 Unarmed Combat
 + Level 5.1 Transmutations


You had 2 spell levels left.
You knew the following spells:

 Your Spells              Type           Power        Failure   Level  Hunger
a - Hydra Form            Tmut           ##........   100%        6    #######
b - Statue Form           Tmut/Erth      #........    100%        6    #######
c - Beastly Appendage     Tmut           ##....       8%          1    ##.....


Dungeon Overview and Level Annotations

Branches:
Dungeon (15/15)            Temple (0/1) D:7            Lair (6/6) D:8
  Snake (4/4) Lair:4        Slime (0/5) Lair:5          Orc (2/2) D:11
    Elf (0/3) Orc:2        Vaults (0/5) D:14         Depths (1/5) D:15
  Swamp: Lair:2-4    Shoals: Lair:2-4

Shops:
D:7 }[*=(   D:9 }   D:10 *   Orc:2 :%[%   Snake:3 (:**


Innate Abilities, Weirdness & Mutations

You have an increased reservoir of magic. (+10% MP)
You are partially covered in thin metallic scales. (AC +2)
Your skin changes colour to match your surroundings (Stealth+).
You have supernaturally acute eyesight. (SInv)
You tend to lose your temper in combat.
You can translocate small distances at will.
Armour fits poorly on your strangely shaped body.
You passively map a small area around you.
Your muscles are strong. (Str +2)
You are occasionally teleported next to monsters.
You expend magic power (3 MP) to strengthen your wands.


Message History

There is a stone staircase leading up here.
You climb upwards.
There is a stone staircase leading down here.
There is an open door here.
You see here a +0 leather armour.
A rat comes into view.
The rat moves out of view.
There is an open door here.
The rat bites you but does no damage.
You pummel the rat!!
You kill the rat!
You see here a rat corpse.
(D) Dungeon (T) Temple (L) Lair (P) Snake Pit (M) Slime Pits (O) Orcish Mines (E) Elven Halls (V) Vaults (U) Depths
Where to? (Enter - D:1 @ (x,y), ? - help)
You see here a glowing hand axe.
There is a staircase leading out of the dungeon here.
Are you sure you want to leave the Dungeon?
This will make you lose the game!
You have escaped!

#### #@.###
##...####
##....)#####
##........######
##.............
###...........
####........
####..... #####.


There were no monsters in sight!

Vanquished Creatures
  Rupert (D:15)
  An azure jelly (Lair:5)
  2 nagarajas (Snake:2)
  Aizul (Snake:3)
  2 frost giants
  An orc warlord (Orc:1)
  3 stone giants
  The ghost of matthes123 the Fighter, a journeyman DsFi of Makhleb (Lair:6)
  Azrael (D:13)
  A yaktaur captain (Depths:1)
  An ice dragon (Depths:1)
  2 great orbs of eyes (Depths:1)
  Erolcha (D:11)
  5 hydras
  Fannar (D:12)
  5 naga warriors
  5 anacondas
  A death knight (D:15)
  6 centaur warriors
  11 two-headed ogres
  2 dancing weapons (D:14)
  7 death yaks
  A tengu warrior (D:14)
  A deep troll earth mage (Depths:1)
  2 shock serpents
  5 orc high priests
  Urug (Lair:4)
  5 naga sharpshooters
  Sonja (D:12)
  A golden dragon zombie (D:15)
  2 skeletal warriors (D:15)
  An unseen horror (D:12)
  4 deep trolls (Depths:1)
  A sea snake (Snake:1)
  A salamander mystic (Snake:2)
  2 flayed ghosts
  4 naga ritualists
  A phantasmal warrior (D:15)
  5 orc knights
  A necromancer (D:15)
  A wolf spider zombie (D:15)
  7 mana vipers
  A wolf spider (D:14)
  4 orc sorcerers
  14 ugly things
  A frost giant zombie (D:15)
  2 oklob plants (Lair:5)
  9 salamanders
  6 cyclopes
  2 deep elf magi
  A stone giant zombie (D:15)
  2 manticores
  9 elephants
  Maurice (D:13)
  39 black mambas
  A centaur zombie (D:15)
  A guardian serpent (Snake:2)
  6 naga magi
  An ice statue (IceCv)
  A gargoyle (D:14)
  A freezing wraith (D:15)
  31 spiny frogs
  Psyche (D:12)
  An efreet (D:14)
  5 yaktaurs
  A rime drake (Lair:4)
  9 komodo dragons
  3 tengu conjurers
  7 trolls
  A wolf spider simulacrum (D:14)
  25 polar bears
  5 tyrant leeches (Lair:6)
  7 slime creatures
  30 blink frogs
  4 dream sheep (Lair:4)
  6 hippogriffs
  A deep troll zombie (D:15)
  Sigmund (D:3)
  3 shadows
  7 wyverns
  A water elemental (D:14)
  A centaur simulacrum (D:14)
  A vampire (D:11)
  64 yaks
  2 basilisks
  3 wraiths
  6 hungry ghosts
  3 fire elementals (D:13)
  A steam dragon (Lair:4)
  16 vampire mosquitoes
  A warg (D:11)
  An acid dragon (D:14)
  4 swamp worms (D:11)
  Duvessa (D:6)
  15 nagas
  8 porcupines
  2 hell hounds (D:13)
  11 water moccasins
  An ice beast (D:12)
  20 orc warriors
  5 sky beasts
  A necrophage (D:15)
  13 ogres
  5 phantoms
  25 wolves
  24 centaurs
  2 big kobolds
  18 crocodiles
  27 bullfrogs
  A wyvern zombie (D:7)
  Dowan (D:6)
  3 scorpions
  7 killer bees
  16 wights
  2 howler monkeys
  5 electric eels
  8 crimson imps
  2 quasits (D:12)
  2 bullfrog zombies (D:9)
  27 orc wizards
  4 jellies
  5 hounds
  24 orc priests
  2 iguanas
  2 hell rats (Lair:5)
  9 worker ants
  A killer bee zombie (D:9)
  A hound skeleton (D:7)
  2 worker ant zombies
  8 gnolls
  13 adders
  7 river rats (Lair:5)
  4 shadow imps
  12 white imps (Orc:1)
  2 oozes
  An adder skeleton (D:7)
  18 worms
  2 dart slugs
  7 leopard geckos
  59 orcs
  2 giant cockroaches
  2 gnoll zombies (D:7)
  13 hobgoblins
  8 jackals
  7 kobolds
  9 quokkas
  2 ball pythons
  4 bats
  3 frilled lizards (D:1)
  6 goblins
  A leopard gecko skeleton (D:5)
  2 quokka skeletons (D:6)
  12 rats
  2 bushes
  2 fungi (Lair:6)
  A plant (Lair:4)
973 creatures vanquished.

Vanquished Creatures (others)
  3 wolves
  A bush (Lair:6)
  11 fungi
  52 plants
  7 withered plants (D:15)
74 creatures vanquished.

Grand Total: 1047 creatures vanquished

Notes
Turn   | Place    | Note
-------+----------+-------------------------------------------
     0 | D:1      | VirginKiller the Demigod Gladiator began the quest for the Orb.
     0 | D:1      | Reached XP level 1. HP: 17/17 MP: 3/3
   167 | D:1      | Reached skill level 3 in Unarmed Combat
   313 | D:1      | Reached XP level 2. HP: 12/24 MP: 4/4
   797 | D:2      | Reached XP level 3. HP: 27/29 MP: 5/5
   806 | D:2      | Reached skill level 4 in Unarmed Combat
  1377 | D:3      | Found a shattered altar of Ashenzari.
  1477 | D:3      | Reached XP level 4. HP: 36/36 MP: 6/6
  1565 | D:3      | Noticed Sigmund
  1769 | D:3      | Reached skill level 5 in Unarmed Combat
  1955 | D:3      | Reached XP level 5. HP: 35/41 MP: 5/7
  1998 | D:3      | Killed Sigmund
  1998 | D:3      | Reached XP level 6. HP: 47/48 MP: 8/8
  2109 | D:4      | Found a snail-covered altar of Cheibriados.
  2173 | D:4      | Reached skill level 6 in Unarmed Combat
  2573 | D:5      | Entered Level 5 of the Dungeon
  2604 | D:5      | Reached XP level 7. HP: 45/53 MP: 9/9
  2672 | D:5      | Got a pitted lapis lazuli ring
  2674 | D:5      | Identified the ring "Ofurghinu" {Wiz *Contam Int+3 Dex+3} (You found it on level 5 of the Dungeon)
  2824 | D:5      | Reached skill level 7 in Unarmed Combat
  3055 | D:5      | Found a blossoming altar of Fedhas.
  3195 | D:6      | Found a shadowy altar of Dithmenos.
  3270 | D:6      | Reached skill level 8 in Unarmed Combat
  3286 | D:6      | Found a radiant altar of Vehumet.
  3306 | D:6      | Reached XP level 8. HP: 60/60 MP: 10/10
  3452 | D:6      | Noticed Duvessa
  3454 | D:6      | Noticed Dowan
  3470 | D:6      | Killed Duvessa
  3470 | D:6      | Reached skill level 5 in Throwing
  3477 | D:6      | Killed Dowan
  3500 | D:6      | Noticed a deep elf mage
  3512 | D:6      | Killed a deep elf mage
  3512 | D:6      | Reached skill level 9 in Unarmed Combat
  3721 | D:7      | Found Ippeonk's Antique Weapon Boutique.
  3725 | D:7      | Found Cimyah's Jewellery Shoppe.
  3824 | D:7      | Found a white marble altar of Elyvilon.
  3894 | D:7      | Found Ucou's Antique Armour Emporium.
  3944 | D:7      | Found Heixot's General Store.
  3952 | D:7      | Bought a potion of curing for 42 gold pieces
  3952 | D:7      | Bought a potion of heal wounds for 70 gold pieces
  4052 | D:7      | Found a staircase to the Ecumenical Temple.
  4122 | D:7      | Found Ruastoa's Gadget Shoppe.
  4178 | D:7      | Bought 4 curare-tipped needles for 33 gold pieces
  4208 | D:7      | Found a basalt altar of Yredelemnul.
  4311 | D:7      | Bought a spiked scale mail for 252 gold pieces
  4321 | D:7      | Identified the +5 scale mail of Least Resistance {rF+ Str+4} (You bought it in a shop on level 7 of the Dungeon)
  4387 | D:8      | Reached XP level 9. HP: 65/67 MP: 11/11
  4417 | D:8      | Reached skill level 10 in Unarmed Combat
  4499 | D:8      | Learned a level 1 spell: Beastly Appendage
  4503 | D:8      | Learned a level 3 spell: Spider Form
  4518 | D:8      | Found a sparkling altar of Nemelex Xobeh.
  4743 | D:8      | Noticed a two-headed ogre
  4757 | D:8      | Killed a two-headed ogre
  4757 | D:8      | Reached skill level 11 in Unarmed Combat
  4966 | D:8      | Found a staircase to the Lair.
  5428 | D:9      | Noticed a two-headed ogre
  5440 | D:9      | Killed a two-headed ogre
  5440 | D:9      | Reached XP level 10. HP: 73/73 MP: 13/13
  5442 | D:9      | Noticed a two-headed ogre
  5457 | D:9      | Killed a two-headed ogre
  5522 | D:9      | Reached skill level 12 in Unarmed Combat
  5705 | D:9      | Noticed a two-headed ogre
  5754 | D:9      | Killed a two-headed ogre
  5811 | D:9      | Found Sucij's Gadget Shoppe.
  6182 | D:9      | Noticed a moth of wrath
  6182 | D:9      | Noticed a two-headed ogre
  6238 | D:9      | Killed a two-headed ogre
  6297 | D:9      | Found a bloodstained altar of Trog.
  6333 | D:10     | Entered Level 10 of the Dungeon
  6581 | D:10     | Found Wemyps's General Store.
  6614 | D:10     | Bought a scroll of fog for 26 gold pieces
  6614 | D:10     | Bought a scroll of recharging for 123 gold pieces
  6614 | D:10     | Bought a scroll of identify for 26 gold pieces
  6779 | D:10     | Got a wavering copper ring
  6871 | D:10     | Reached skill level 10 in Throwing
  6930 | D:10     | Noticed a two-headed ogre
  6948 | D:10     | Killed a two-headed ogre
  6948 | D:10     | Reached XP level 11. HP: 79/79 MP: 14/14
  7276 | Lair:1   | Entered Level 1 of the Lair of Beasts
  7303 | Lair:1   | Reached skill level 13 in Unarmed Combat
  7482 | Lair:1   | Learned a level 2 spell: Sticks to Snakes
  7676 | Lair:1   | Identified the ring of Apsiul {Ice MP+9} (You found it on level 10 of the Dungeon)
  7747 | Lair:1   | Reached skill level 14 in Unarmed Combat
  8831 | Lair:3   | Reached XP level 12. HP: 83/85 MP: 13/15
  9327 | Lair:4   | Noticed Urug
  9350 | Lair:4   | Killed Urug
  9577 | Lair:4   | Reached skill level 15 in Unarmed Combat
  9947 | Lair:4   | Found a staircase to the Snake Pit.
  9979 | Lair:4   | Reached skill level 16 in Unarmed Combat
 10056 | Lair:4   | Noticed a six-headed hydra
 10064 | Lair:4   | Killed a six-headed hydra
 10128 | Lair:4   | Reached XP level 13. HP: 61/91 MP: 11/16
 10772 | Lair:5   | Reached skill level 17 in Unarmed Combat
 11026 | Lair:6   | Entered Level 6 of the Lair of Beasts
 11450 | Lair:6   | Noticed matthes123's ghost (journeyman DsFi)
 11516 | Lair:6   | Killed matthes123's ghost
 11652 | Lair:6   | Reached skill level 18 in Unarmed Combat
 12545 | Lair:5   | Found a runed door.
 12546 | Lair:5   | Found a viscous altar of Jiyva.
 12599 | Lair:5   | Reached XP level 14. HP: 97/97 MP: 17/17
 12607 | Lair:5   | Found a staircase to the Slime Pits.
 12607 | Lair:5   | Noticed an azure jelly
 12628 | Lair:5   | Killed an azure jelly
 13041 | D:11     | Got a warped war axe
 13042 | D:11     | Identified the +9 war axe of Watchfulness {flame, +Rage MR+} (You found it on level 11 of the Dungeon)
 13128 | D:11     | Found a staircase to the Orcish Mines.
 13154 | D:11     | Reached skill level 19 in Unarmed Combat
 13496 | D:11     | Noticed Erolcha
 13510 | D:11     | Killed Erolcha
 13895 | D:12     | Found an iron altar of Okawaru.
 13991 | D:12     | Learned a level 6 spell: Hydra Form
 13999 | D:12     | Learned a level 6 spell: Statue Form
 14454 | D:12     | Noticed Sonja
 14462 | D:12     | Killed Sonja
 14560 | D:12     | Noticed Fannar
 14577 | D:12     | Killed Fannar
 14719 | D:12     | Noticed Psyche
 14730 | D:12     | Killed Psyche
 15012 | D:13     | Noticed Maurice
 15076 | D:13     | Killed Maurice
 15387 | D:13     | Noticed Azrael
 15414 | D:13     | Killed Azrael
 15417 | D:13     | Reached skill level 20 in Unarmed Combat
 15722 | D:14     | Learned a level 1 spell: Beastly Appendage
 16088 | D:14     | Found a gate to the Vaults.
 16695 | D:14     | Found a sparkling altar of Nemelex Xobeh.
 16744 | D:15     | Entered Level 15 of the Dungeon
 17129 | D:15     | Got a spiked ring mail
 17162 | D:15     | Identified the cursed +0 ring mail of Listlessness {rPois Int+3} (You found it on level 15 of the Dungeon)
 17203 | D:15     | Reached XP level 15. HP: 100/103 MP: 18/18
 17578 | D:15     | Reached skill level 21 in Unarmed Combat
 17649 | D:15     | Gained mutation: You have supernaturally acute eyesight. (SInv) [potion of mutation]
 17649 | D:15     | Gained mutation: You have large cloven feet. [potion of mutation]
 17649 | D:15     | Gained mutation: Potions are less effective at restoring your health. [potion of mutation]
 17649 | D:15     | Gained mutation: Your mind is acute. (Int +2) [potion of mutation]
 17651 | D:15     | Gained mutation: You are partially covered in thin metallic scales. (AC +2) [mutagenic meat]
 17652 | D:15     | Gained mutation: Your spells are a little harder to cast, but a little more powerful. [mutagenic meat]
 17653 | D:15     | Gained mutation: You are occasionally teleported next to monsters. [mutagenic meat]
 17654 | D:15     | Lost mutation: Your spells are a little harder to cast, but a little more powerful. [mutagenic meat]
 17655 | D:15     | Gained mutation: You occasionally shout uncontrollably at your foes. [mutagenic meat]
 17656 | D:15     | Gained mutation: You have a pair of small horns on your head. [mutagenic meat]
 17658 | D:15     | Gained mutation: You expend magic power (3 MP) to strengthen your wands. [mutagenic meat]
 17660 | D:15     | Gained mutation: You passively map a small area around you. [mutagenic meat]
 17661 | D:15     | Lost mutation: You expend magic power (3 MP) to strengthen your wands. [potion of mutation]
 17661 | D:15     | Lost mutation: You occasionally shout uncontrollably at your foes. [potion of mutation]
 17661 | D:15     | Lost mutation: Potions are less effective at restoring your health. [potion of mutation]
 17661 | D:15     | Lost mutation: You passively map a small area around you. [potion of mutation]
 17661 | D:15     | Lost mutation: You have a pair of small horns on your head. [potion of mutation]
 17661 | D:15     | Lost mutation: Your mind is acute. (Int +2) [potion of mutation]
 17661 | D:15     | Gained mutation: You passively map a small area around you. [potion of mutation]
 17661 | D:15     | Gained mutation: You can translocate small distances at will. [potion of mutation]
 17704 | D:15     | Found a staircase to the Depths.
 17903 | D:15     | Noticed Rupert
 18035 | D:15     | Killed Rupert
 18362 | Orc:1    | Entered Level 1 of the Orcish Mines
 18362 | Orc:1    | Found a frozen archway.
 18436 | IceCv    | Entered an ice cave
 19021 | IceCv    | Got a heavily runed bone ring
 19024 | IceCv    | Identified the ring "Onaoco Luowk" {Ice rPois Int+2} (You found it in an ice cave)
 19448 | Orc:1    | Found a roughly hewn altar of Beogh.
 19551 | Orc:1    | Found a transporter.
 19701 | Orc:2    | Entered Level 2 of the Orcish Mines
 19992 | Orc:2    | Reached skill level 22 in Unarmed Combat
 20337 | Orc:2    | Found Limef's Food Shoppe.
 20337 | Orc:2    | Found Wiaf's Book Shop.
 20339 | Orc:2    | Found Upnuynea's Food Shop.
 20339 | Orc:2    | Found Jenizaz's Antique Armour Shoppe.
 20399 | Orc:2    | Found a staircase to the Elven Halls.
 20509 | Orc:2    | Bought a glowing plate armour for 884 gold pieces
 20509 | Orc:2    | Bought a glowing helmet for 255 gold pieces
 20509 | Orc:2    | Bought an embroidered cloak for 255 gold pieces
 20695 | Orc:1    | Found a roughly hewn altar of Beogh.
 20791 | Orc:1    | Found a transporter.
 20833 | Orc:1    | Got a pitted granite ring
 20899 | Orc:1    | Identified the ring of Gutse {rPois rC+ MR- AC+4 Stlth+} (You found it on level 1 of the Orcish Mines)
 21088 | Snake:1  | Entered Level 1 of the Snake Pit
 21610 | Snake:2  | Noticed a nagaraja
 21818 | Snake:2  | Reached XP level 16. HP: 100/110 MP: 19/19
 22306 | Snake:2  | Identified a scroll of acquirement
 22307 | Snake:2  | Got a jewelled hat
 22318 | Snake:2  | Identified the +2 hat "Fysien" {rF+ rC+ rCorr Dex+5} (You acquired it on level 2 of the Snake Pit)
 22651 | Snake:3  | Noticed Aizul
 22661 | Snake:3  | Killed Aizul
 22661 | Snake:3  | Reached skill level 23 in Unarmed Combat
 22661 | Snake:3  | Reached skill level 1 in Transmutations
 22807 | Snake:3  | Found Dighof's Book Shop.
 22845 | Snake:3  | Found Witow's Assorted Antiques.
 22845 | Snake:3  | Found Heczoqas's Weapon Shop.
 22848 | Snake:3  | Found Cucsuept's General Store.
 22977 | Snake:3  | Bought a scroll of enchant armour for 105 gold pieces
 22977 | Snake:3  | Bought the +1 pair of boots of Impermeability {Str+4} for 348 gold pieces
 23529 | Snake:4  | Entered Level 4 of the Snake Pit
 24342 | Depths:1 | Entered Level 1 of the Depths
 24438 | Depths:1 | Gained mutation: Armour fits poorly on your strangely shaped body. [mutagenic meat]
 24439 | Depths:1 | Gained mutation: Your muscles are strong. (Str +2) [mutagenic meat]
 24573 | Depths:1 | Gained mutation: You expend magic power (3 MP) to strengthen your wands. [mutagenic meat]
 24574 | Depths:1 | Gained mutation: Your skin changes colour to match your surroundings (Stealth+). [mutagenic meat]
 24575 | Depths:1 | Gained mutation: You tend to lose your temper in combat. [mutagenic meat]
 24576 | Depths:1 | Lost mutation: You have large cloven feet. [mutagenic meat]
 24836 | Depths:1 | Reached skill level 5 in Transmutations
 25364 | D:$      | Got out of the dungeon alive.

Skill      XL: |  1  2  3  4  5  6  7  8  9 10 11 12 13 14 15 16 |
---------------+-------------------------------------------------+-----
Unarmed Combat | 3 4 5 6 8 9 11 12 14 16 18 20 22 23 | 23.7
Throwing       | 2 3 4 6 7 10 11 12 | 12.0
Transmutations | 5 |  5.1
Fighting       | |  1.7
Dodging        | |  2.6

Action                   |  1- 3 |  4- 6 |  7- 9 | 10-12 | 13-15 | 16-18 || total
-------------------------+-------+-------+-------+-------+-------+-------++-------
Melee: Unarmed           |   164 |   129 |   324 |   689 |  1775 |   437 ||  3518
       Punch             |       |     6 |    13 |    71 |   274 |    69 ||   433
       Headbutt          |       |       |       |       |       |     9 ||     9
 Fire: Blowgun           |     2 |    42 |    32 |    42 |   197 |     3 ||   318
Throw: Tomahawk          |       |     5 |    18 |   107 |   177 |    33 ||   340
       Throwing net      |       |       |     4 |       |     2 |     1 ||     7
       Javelin           |       |       |       |       |    35 |       ||    35
 Cast: Beastly Appendage |       |       |       |       |       |     6 ||     6
 Abil: Evoke Berserk Rag |       |       |       |     1 |       |       ||     1
       Blink             |       |       |       |       |       |     1 ||     1
Evoke: Wand              |       |       |       |    19 |     9 |     1 ||    29
       Lamp of fire      |       |       |       |       |     2 |     1 ||     3
       Phantom mirror    |       |       |       |       |     1 |       ||     1
       Lightning rod     |       |       |       |       |       |     4 ||     4
  Use: Scroll            |     3 |       |     6 |     9 |    28 |    10 ||    56
       Potion            |       |     2 |       |     3 |    13 |     6 ||    24
 Stab: Held in net/web   |       |       |     1 |       |       |       ||     1
       Confused          |       |       |       |     4 |       |       ||     4
       Paralysed         |       |       |       |     2 |       |       ||     2
       Sleeping          |       |       |       |       |       |     1 ||     1
  Eat: Chunk             |     2 |     3 |     9 |     7 |    29 |    11 ||    61
       Fruit             |       |       |     4 |     4 |     3 |       ||    11
       Royal jelly       |       |       |     2 |       |     6 |       ||     8
       Meat ration       |       |       |       |     1 |     1 |       ||     2
       Bread ration      |       |       |       |       |     2 |     2 ||     4
Armor: Ring mail         |    48 |    33 |     3 |       |       |       ||    84
       Leather armour    |     6 |       |       |       |       |       ||     6
       Skin              |       |    47 |       |    13 |       |       ||    60
       Chain mail        |       |       |    77 |       |       |       ||    77
       Scale mail        |       |       |    52 |   162 |   586 |   172 ||   972
Dodge: Dodged            |    81 |    69 |   119 |   227 |   632 |   141 ||  1269
